 Dungeon Crawl Stone Soup version 0.20-a0-971-g5896763 (webtiles) character file.

79 Gorglomux the Ruffian (level 4, 0/40 HPs)
             Began as a Ghoul Warper on Apr 8, 2017.
             Slain by a kobold (1 damage)
             ... on level 2 of the Dungeon.
             The game lasted 00:03:08 (1846 turns).

Gorglomux the Ruffian (Ghoul Warper)                Turns: 1846, Time: 00:03:09

Health: 0/40       AC:  3    Str: 14    XL:     4   Next: 37%
Magic:  5/5        EV: 11    Int:  8    God:
Gold:   132        SH:  0    Dex:  9    Spells: 6/6 levels left

rFire    . . .     SeeInvis .     - Unarmed
rCold    + . .     Gourm    .   (no shield)
rNeg     + + +     Faith    .   a - +0 leather armour
rPois    ∞         Spirit   .   (no helmet)
rElec    .         Reflect  .   (no cloak)
rCorr    .         Harm     .   (no gloves)
MR       .....                  (no boots)
Stlth    +.........             (no amulet)
Regen    0.0/turn               (no ring)
MPRegen  0.1/turn               (no ring)

@: rotting
A: rotting body, claws 1, carnivore 3, cold resistance 1, negative energy
resistance 3, inhibited regeneration, torment resistance, unbreathing
a: no special abilities


You were on level 2 of the Dungeon.
You were not hungry.

You visited 1 branch of the dungeon, and saw 3 of its levels.

You collected 132 gold pieces.

Inventory:

Missiles
 d - 5 tomahawks of dispersal (quivered)
 I - 7 silver tomahawks
Armour
 a - a +0 leather armour (worn)
Scrolls
 B - a scroll of blinking
 C - a scroll of identify {unknown}
 G - a scroll of remove curse {unknown}
 L - a scroll of amnesia {unknown}
Potions
 E - a potion of lignification {unknown}
 F - a potion of agility {unknown}
 H - a potion of might {unknown}
 K - a potion of curing {unknown}
 M - a potion of ambrosia {unknown}
Books
 b - a book of Spatial Translocations

   Spells                             Type                      Level
   a - Blink                          Translocation                2
   b - Shroud of Golubria             Charms/Translocation         2
   c - Lesser Beckoning               Translocation                3
   d - Gell's Gravitas                Translocation                3
   e - Teleport Other                 Translocation                3
   f - Passage of Golubria            Translocation                4
Comestibles
 f - 3 meat rations


   Skills:
 + Level 3.7 Fighting
 - Level 0.8 Throwing
 - Level 0.8 Armour
 - Level 1.7 Dodging
 + Level 3.8 Unarmed Combat
 - Level 1.7 Spellcasting
   Level 2.6 Translocations


You had 6 spell levels left.
You didn't know any spells.

Dungeon Overview and Level Annotations

Branches:
Dungeon (3/15)

Altars:
Ashenzari
Cheibriados
Fedhas
Nemelex Xobeh
Trog


Innate Abilities, Weirdness & Mutations

Your body is rotting away.
You thrive on raw meat.
You are immune to poison.
You have sharp fingernails.
You are carnivorous and can eat meat at any time.
Your flesh is cold resistant. (rC+)
You are immune to negative energy. (rN+++)
You do not regenerate when monsters are visible.
You are immune to unholy pain and torment.
You can survive without breathing.


Message History

The orc priest hits you with a mace.
* * * LOW HITPOINT WARNING * * *
The orc hits you but does no damage. The kobold closely misses you.
You scratch the orc priest.
You kill the orc priest!
You have reached level 4!
The orc hits you with a short sword.
* * * LOW HITPOINT WARNING * * *
The kobold closely misses you.
You closely miss the kobold. You claw the kobold.
The kobold is severely wounded.
The kobold hits you.
* * * LOW HITPOINT WARNING * * *
You completely miss the kobold.
The kobold is heavily wounded.
The kobold misses you.
You barely miss the kobold.
The kobold is heavily wounded.
The kobold hits you.
You die...

##########.# #.########### #.#
#.# #.##########.#
#.#..........###########
#.#.............#.......
##'#.............#.......
#................#.......
#..[...#+#.......'.......
#...##.#@#..>....#.......
#...##.#K#.####.##....... #####
#...##.#o#.# #.####.#+## #...#
##'###.#.#.# #.# ##+#.# #...# #.#
#.#.#.# #.# #....# #...# #.#
#.#.#.# #.# #....## #...# #.#
#.#.#.# #.# #....#.
##...#####<###.#.#.####)###....#.
.............(.....o...>.......#.


You could see an orc and a kobold.

Vanquished Creatures
  An orc priest (D:2)
  3 leopard geckos
  A ball python (D:1)
  6 bats
  3 giant cockroaches
  5 goblins
  5 hobgoblins
  5 jackals
  3 frilled lizards
  5 kobolds
  7 rats
44 creatures vanquished.

Notes
Turn   | Place    | Note
-------+----------+-------------------------------------------
     0 | D:1      | Gorglomux the Ghoul Warper began the quest for the Orb.
     0 | D:1      | Reached XP level 1. HP: 17/17 MP: 2/2
   262 | D:1      | Reached XP level 2. HP: 20/25 MP: 3/3
   715 | D:1      | Reached skill level 3 in Unarmed Combat
  1060 | D:2      | Reached XP level 3. HP: 21/30 MP: 4/4
  1125 | D:2      | Found a sparkling altar of Nemelex Xobeh.
  1142 | D:2      | Found a shattered altar of Ashenzari.
  1179 | D:2      | Found a blossoming altar of Fedhas.
  1180 | D:2      | Found a snail-covered altar of Cheibriados.
  1180 | D:2      | Found a bloodstained altar of Trog.
  1242 | D:2      | Reached skill level 3 in Fighting
  1829 | D:2      | Reached XP level 4. HP: 7/40 MP: 5/5
  1844 | D:2      | HP: 1/40 [kobold (4)]
  1846 | D:2      | Slain by a kobold

Vault maps used:
D:1:      dpeg_arrival_signposts
D:2:      nemelex_xobeh_ov_fountains_minmay, grunt_temple_overflow_open,
          minmay_misc_feat_pillars, minmay_misc_feat_five
D:3:      goddamned_bats

Skill      XL: |  1  2  3 |
---------------+----------+-----
Unarmed Combat | 3 |  3.8
Fighting       | 3 |  3.7
Throwing       | |  0.8
Armour         | |  0.8
Dodging        | |  1.7
Spellcasting   | |  1.7
Translocations | |  2.6

Action                   |  1- 3 |  4- 6 || total
-------------------------+-------+-------++-------
Melee: Unarmed           |   160 |     3 ||   163
       Punch             |     1 |     1 ||     2
  Eat: Chunk             |    12 |       ||    12
Armor: Leather armour    |    57 |       ||    57
Dodge: Dodged            |   122 |     2 ||   124
